 Dungeon Crawl Stone Soup version 0.31-a0-236-g9a0961fb85 (console) character file.

Game seed: 435617657255360972

91 petzl the Sneak (level 4, -1/35 HPs)
             Began as a Formicid Delver on July 10, 2023.
             Slain by a gnoll
             ... wielding a +1 antimagic spear
              (5 damage)
             ... on level 3 of the Dungeon.
             The game lasted 00:06:13 (2586 turns).

petzl the Sneak (Formicid Delver)                   Turns: 2586, Time: 00:06:16

Health: -1/35      AC:  4    Str: 17    XL:     4   Next: 88%
Magic:  5/10       EV: 12    Int: 11    God:
Gold:   139        SH:  0    Dex: 15    Spells: 11/11 levels left

rFire   . . .        a - +0 mace
rCold   . . .        (no shield)
rNeg    . . .        b - +0 leather armour
rPois   .            (helmet unavailable)
rElec   .            (no cloak)
rCorr   .            e - +0 pair of gloves
SInv    +            (no boots)
Will    .....        (no amulet)
Stlth   +++          (no ring)
HPRegen 0.25/turn    (no ring)
MPRegen 0.12/turn

%: no passive effects
@: no status effects
A: permanent stasis, dig shafts and tunnels, antennae 3, four strong arms
a: Dig, Shaft Self


You were on level 3 of the Dungeon.
You visited 1 branch of the dungeon, and saw 6 of its levels.

You collected 139 gold pieces.

Inventory:

Hand Weapons
 a - a +0 mace (weapon)
Armour
 b - a +0 leather armour (worn)
 e - a +0 pair of gloves (worn)
Magical Staves
 s - a staff of air
Jewellery
 j - a ring of fire
Wands
 f - a wand of digging (2)
Scrolls
 c - 3 scrolls of fog
 d - 3 scrolls of revelation
 g - a scroll of torment {unknown}
 l - 2 scrolls of teleportation {unknown}
 m - a scroll of enchant weapon {unknown}
 n - a scroll of poison {unknown}
 o - 2 scrolls of identify {unknown}
 p - a scroll of fear
Potions
 h - a potion of heal wounds {unknown}
 i - a potion of curing {unknown}
 k - 2 potions of magic {unknown}
 q - a potion of enlightenment {unknown}
 r - a potion of resistance {unknown}


   Skills:
 - Level 3.2 Fighting
 - Level 2.0 Maces & Flails
 - Level 1.7 Dodging
 - Level 6.0 Stealth
 + Level 4.0 Spellcasting


You had 11 spell levels left.
You didn't know any spells.
Your spell library contained the following spells:

 Spells                   Type           Power      Damage    Failure   Level
 Apportation              Tloc           4%         N/A       28%         1
 Necrotise                Necr           8%         1d4       28%         1
 Summon Small Mammal      Summ           8%         N/A       28%         1


Dungeon Overview and Level Annotations

Branches:
Dungeon (6/15)
 Temple: D:4-7

Altars:

Annotations:
D:5 exclusion: downstairs


Innate Abilities, Weirdness & Mutations

You cannot be hasted, slowed, berserked, paralysed or teleported.
You can dig through walls and to a lower floor.
You have a pair of large antennae on your head. (SInv)
Your four strong arms can wield two-handed weapons with a shield.


Message History

a +0 club; 3 stones You see here a staff of air.
s - a staff of air
Things that are here:
a +0 club; 3 stones
There is a stone staircase leading down here.
You climb downwards.
The gnoll shouts! x3
Found 12 gold pieces.
There is a stone staircase leading up here.
Found an escape hatch in the ceiling.
The gnoll throws a throwing net.
The throwing net closely misses you.
You see here a throwing net.
You hit the gnoll.
The gnoll is moderately wounded.
The gnoll misses you.
You hit the gnoll.
The gnoll is severely wounded.
The gnoll hits you but does no damage.
You closely miss the gnoll.
The gnoll is severely wounded.
The gnoll barely misses you.
You hit the gnoll but do no damage.
The gnoll is severely wounded.
The gnoll hits you with a +0 club. The gnoll closely misses you.
You hit the gnoll.
You kill the gnoll!
Your Spellcasting skill increases to level 4!
You hit the gnoll but do no damage. The gnoll hits you with a +0 whip.
The gnoll hits you from afar with a +1 antimagic spear!
You feel your power leaking away.
You hit the gnoll.
The gnoll is moderately wounded.
The gnoll hits you with a +0 whip.
The gnoll hits you from afar with a +1 antimagic spear.
You feel your power leaking away. The gnoll hits you with a +0 whip!
* * * LOW HITPOINT WARNING * * *
The gnoll hits you from afar with a +1 antimagic spear.
You die...

##. .# .. .. #.## .# #..## .#
#...# #. $. ..# .# #...#
#.{.....# .# #...# .g#g#..# .#
#...# .#.#..# .# #...# .......
.########...#####.##.#.#
#.#...............##.#.####...
##................##.<........
#.#...............####.###..#
.######.#...#.##### #(# #
#.#...#.# #g# #.#...#.# #g# {
#.#...#)# #@# { #.#...#.# #.#
{ #......># #.# # ####.####
#<# . .. #.# ... #.. #. ##. #
{ ##


You could see 2 gnolls.

Vanquished Creatures
  A gnoll (D:3)
  2 adders (D:2)
  A worm (D:2)
  A dart slug (D:2)
  8 bats
  An endoplasm (D:2)
  2 giant cockroaches
  2 goblins
  3 hobgoblins (D:2)
  8 jackals
  6 quokkas
  4 ball pythons
  3 frilled lizards
  13 kobolds
  A rat (D:2)
56 creatures vanquished.

Notes
Turn   | Place    | Note
-------+----------+-------------------------------------------
     0 | D:5      | petzl the Formicid Delver began the quest for the Orb.
     0 | D:5      | Reached XP level 1. HP: 18/18 MP: 1/1
    13 | D:6      | Noticed an ice beast
    14 | D:6      | Noticed a scorpion
    21 | D:6      | Noticed a scorpion
    39 | D:5      | Noticed a hound
   180 | D:6      | Noticed a kobold brigand
   336 | D:3      | Reached skill level 1 in Spellcasting
   457 | D:2      | Reached XP level 2. HP: 18/24 MP: 4/4
   554 | D:1      | Found a faded altar of an unknown god.
   734 | D:1      | Reached XP level 3. HP: 29/29 MP: 6/6
  2033 | D:2      | Reached XP level 4. HP: 33/35 MP: 9/9
  2586 | D:3      | Slain by a gnoll

Illustrated notes

Levels and vault maps discovered:
D:1:      lemuel_arrival_cross, layout_loops_corners,
          hellmonk_ecumenical_altar_pennies_from_heaven
D:2:      layout_basic, minmay_goblin_kobold_house
D:3:      layout_loops_cross, mainiacjoe_overflow_paths, st_stairs_5
D:4:      cheibrodos_pilgrimage, layout_rooms, minmay_temple_entry_nine_rooms,
          uniq_robin
D:5:      layout_gridville, mainiacjoe_overflow_six_doors_small,
          grunt_decor_resistance, grunt_ministairs_2,
          hangedman_abyss_or_decor_passed
D:6:      layout_layer_cave

Skill      XL: |  1  2  3  4 |
---------------+-------------+-----
Spellcasting   | 1 2 3 4 |  4.0
Fighting       | |  3.2
Maces & Flails | |  2.0
Dodging        | |  1.7
Stealth        | |  6.0

Action                     |  1- 3 |  4- 6 || total
---------------------------+-------+-------++-------
  Melee: Mace              |   147 |    49 ||   196
         Punch             |     1 |     1 ||     2
  Evoke: Wand              |     1 |       ||     1
    Use: Scroll            |     1 |       ||     1
   Stab: Sleeping          |     9 |     3 ||    12
         Distracted        |     1 |       ||     1
 Armour: Leather armour    |    63 |    13 ||    76
  Dodge: Dodged            |   134 |    24 ||   158

Table legend: (Time is in decaauts)
 A = Elapsed time spent in this place.
 B = Non-inter-level travel time spent in this place.
 C = Inter-level travel time spent in this place.
 D = Time resting spent in this place.
 E = Time spent auto-exploring this place.
 F = Levels seen in this place.
 G = Mean time per level.
                   A        B        C        D        E       F      G
               +--------+--------+--------+--------+--------+-----+--------+
         Total |   2648 |   2429 |    219 |    144 |   1353 |   6 |  441.3 |
       Dungeon |   2648 |   2429 |    219 |    144 |   1353 |   6 |  441.3 |
               +--------+--------+--------+--------+--------+-----+--------+

Top non-repeatable levels by time:
     D:2: 1161 daAuts
     D:1: 1098 daAuts
     D:5: 244 daAuts
     D:3: 104 daAuts
     D:4: 24 daAuts
     D:6: 15 daAuts
